 Dungeon Crawl Stone Soup version 0.20.1-1-g8b1a95d (webtiles) character file.

131 TheGuigne the Poker (level 4, -3/39 HPs)
             Began as a Minotaur Fighter on Aug 22, 2017.
             Slain by p0werm0de's ghost (11 damage)
             ... on level 3 of the Dungeon.
             The game lasted 00:03:44 (1971 turns).

TheGuigne the Poker (Minotaur Fighter)              Turns: 1971, Time: 00:03:44

Health: -3/39      AC:  8    Str: 26    XL:     4   Next: 91%
Magic:  3/3        EV:  7    Int:  6    God:
Gold:   88         SH:  9    Dex:  9    Spells: 3/3 levels left

rFire    . . .     SeeInvis .   a - +0 trident
rCold    . . .     Gourm    .   c - +0 shield
rNeg     . . .     Faith    .   t - +0 scale mail
rPois    .         Spirit   .   (helmet restricted)
rElec    .         Reflect  .   (no cloak)
rCorr    .         Harm     .   n - +0 pair of gloves
MR       .....                  (no boots)
Stlth    ..........             (no amulet)
Regen    0.2/turn               (no ring)
MPRegen  0.1/turn               (no ring)

@: mighty
A: retaliatory headbutt, horns 2
a: no special abilities


You were on level 3 of the Dungeon.
You were not hungry.

You visited 1 branch of the dungeon, and saw 3 of its levels.

You collected 88 gold pieces.

Inventory:

Hand Weapons
 a - a +0 trident (weapon)
 b - a +0 hunting sling
Missiles
 g - 42 stones (quivered)
 h - 5 tomahawks
Armour
 c - a +0 shield (worn)
 n - a +0 pair of gloves (worn)
 t - a +0 scale mail (worn)
Wands
 q - a wand of iceblast (2/15)
Scrolls
 j - a scroll of magic mapping {unknown}
 k - a scroll of recharging {unknown}
 o - 2 scrolls of identify {unknown}
 s - a scroll of enchant weapon {unknown}
Potions
 e - 2 potions of agility {unknown}
 p - a potion of mutation {unknown}
Comestibles
 f - 5 bread rations
 i - 2 chunks of flesh
 l - 3 fruits
 m - 3 royal jellies
 r - 2 meat rations


   Skills:
 - Level 3.6 Fighting
 + Level 6.2 Polearms
 - Level 3.6 Armour
 - Level 3.6 Shields


You had 3 spell levels left.
You didn't know any spells.

Dungeon Overview and Level Annotations

Branches:
Dungeon (3/15)

Altars:
Kikubaaqudgha

Annotations:
D:3 p0werm0de's ghost, amateur DsBe


Innate Abilities, Weirdness & Mutations

You reflexively headbutt those who attack you in melee.
You have a pair of horns on your head.


Message History

You block p0werm0de's ghost's attack.
You closely miss p0werm0de's ghost.
P0werm0de's ghost is lightly damaged.
P0werm0de's ghost hits you.
You are too injured to fight recklessly!
You feel very mighty all of a sudden. P0werm0de's ghost hits you!
* * * LOW HITPOINT WARNING * * *
You barely miss p0werm0de's ghost.
P0werm0de's ghost is lightly damaged.
You block p0werm0de's ghost's attack.
P0werm0de's ghost hits you but does no damage.
You closely miss p0werm0de's ghost.
P0werm0de's ghost is lightly damaged.
P0werm0de's ghost hits you but does no damage.
You hit p0werm0de's ghost but do no damage.
You headbutt p0werm0de's ghost!
P0werm0de's ghost is moderately damaged.
P0werm0de's ghost hits you!
You die...

#≈.(.≈# ........
#≈...≈# ........
#≈...≈# #.......
#≈...≈# #.......
###.### #....... #.#
#....... #.# ###+###.
...########.##### #.
#. #((...W@........#
#. #.
...############.###.#
#. #..##.###.
##.##.#<#. #.##.#.#.
#......#. ##.#.....
#.#..### #.......


You could see p0werm0de's ghost.

Vanquished Creatures
  6 adders
  An ooze (D:1)
  A worm (D:2)
  A dart slug (D:2)
  A leopard gecko (D:1)
  An orc (D:3)
  A ball python (D:2)
  2 bat zombies (D:3)
  3 giant cockroaches
  6 goblins
  8 hobgoblins
  10 jackals
  2 kobolds (D:1)
  A quokka (D:2)
  6 bats
  5 frilled lizards
  8 rats
  A rat zombie (D:3)
64 creatures vanquished.

Notes
Turn   | Place    | Note
-------+----------+-------------------------------------------
     0 | D:1      | TheGuigne the Minotaur Fighter began the quest for the Orb.
     0 | D:1      | Reached XP level 1. HP: 19/19 MP: 0/0
    68 | D:1      | Reached skill level 3 in Polearms
   260 | D:1      | Reached XP level 2. HP: 26/26 MP: 1/1
   518 | D:1      | Reached skill level 4 in Polearms
   645 | D:1      | Reached XP level 3. HP: 30/31 MP: 2/2
   989 | D:2      | Reached skill level 5 in Polearms
  1244 | D:2      | Reached XP level 4. HP: 33/39 MP: 3/3
  1848 | D:3      | Reached skill level 6 in Polearms
  1937 | D:3      | Found an ancient bone altar of Kikubaaqudgha.
  1958 | D:3      | Noticed p0werm0de's ghost (amateur DsBe)
  1971 | D:3      | Slain by p0werm0de's ghost

Skill      XL: |  1  2  3  4 |
---------------+-------------+-----
Polearms       | 3 4 5 6 |  6.2
Fighting       | |  3.6
Armour         | |  3.6
Shields        | |  3.6

Action                   |  1- 3 |  4- 6 || total
-------------------------+-------+-------++-------
Melee: Trident           |   122 |    74 ||   196
       Headbutt          |    14 |     6 ||    20
 Fire: Hunting sling     |       |    18 ||    18
  Use: Scroll            |     1 |       ||     1
       Potion            |       |     1 ||     1
  Eat: Chunk             |     1 |     3 ||     4
Armor: Scale mail        |    41 |    36 ||    77
Dodge: Dodged            |    33 |    10 ||    43
Block: Shield            |    47 |    24 ||    71
